 Dungeon Crawl Stone Soup version 0.25.1-8-g42b30a86e7 (webtiles) character file.

Game seed: 10528775426700971338

245 Gabide the Skirmisher (level 6, -3/47 HPs)
             Began as a Human Abyssal Knight on Dec 4, 2020.
             Was a Believer of Lugonu.
             Killed from afar by Duvessa (12 damage)
             ... with a puff of flame
             ... on level 4 of the Dungeon.
             The game lasted 00:07:30 (3874 turns).

Gabide the Skirmisher (Human Abyssal Knight)        Turns: 3874, Time: 00:07:30

Health: -3/47      AC: 11    Str: 15    XL:     6   Next: 32%
Magic:  7/7        EV: 10    Int: 12    God:    Lugonu [**....]
Gold:   122        SH:  0    Dex: 12    Spells: 5/5 levels left

rFire    . . .     SeeInvis .   q - +1 hand axe (freeze)
rCold    . . .     Gourm    .   (no shield)
rNeg     . . .     Faith    .   d - +2 scale mail
rPois    .         Spirit   .   (no helmet)
rElec    .         Reflect  .   (no cloak)
rCorr    .         Harm     .   f - +2 pair of gloves
MR       .....                  (no boots)
Stlth    ..........             (no amulet)
HPRegen  0.15/turn              g - ring of wizardry
MPRegen  0.10/turn              (no ring)

@: no status effects
A: no striking features
a: Depart the Abyss, Bend Space, Renounce Religion


You were on level 4 of the Dungeon.
You worshipped Lugonu.
Lugonu was pleased with you.
You were not hungry.

You visited 1 branch of the dungeon, and saw 4 of its levels.
You visited the Abyss 1 time.

You collected 122 gold pieces.

Inventory:

Hand Weapons
 a - a +2 spear
 k - a +1 war axe
 q - a +1 hand axe of freezing (weapon)
Missiles
 m - 8 boomerangs (quivered)
Armour
 d - a +2 scale mail (worn)
 f - a +2 pair of gloves (worn)
 h - a +0 pair of gloves
Jewellery
 g - a ring of wizardry (left hand)
Wands
 p - a wand of digging (4)
Scrolls
 j - 2 scrolls of remove curse
 l - a scroll of blinking
Potions
 b - 2 potions of magic {unknown}
 e - a potion of brilliance
 n - a potion of degeneration {unknown}
Comestibles
 c - 10 rations


   Skills:
 + Level 3.6 Fighting
 * Level 3.1(3.7) Axes
 - Level 3.0(3.6) Polearms
 + Level 3.1 Armour
 * Level 2.3 Dodging
 + Level 2.3 Invocations


You had 5 spell levels left.
You didn't know any spells.
Your spell library was empty.

Dungeon Overview and Level Annotations

Branches:
Dungeon (4/15)
 Temple: D:4-7

Altars:
Dithmenos
Fedhas
Makhleb
Nemelex Xobeh
Xom
Zin

Annotations:
D:4 Dowan, Duvessa


Message History

Dowan hits you but does no damage. Duvessa hits you with a +0 short sword.
* * * LOW HITPOINT WARNING * * *
You feel better.
Duvessa zaps a wand.
The puff of flame misses you.
Dowan hits you with a +2 vampiric dagger.
* * * LOW HITPOINT WARNING * * *
Dowan draws strength from your wounds!
You feel better. Duvessa hits you with a +0 short sword.
* * * LOW HITPOINT WARNING * * *
Dowan hits you with a +2 vampiric dagger.
* * * LOW HITPOINT WARNING * * *
Dowan draws strength from your wounds! Duvessa hits you but does no damage.
You closely miss Dowan.
Dowan is heavily wounded.
You hit Duvessa but do no damage. Duvessa hits you with a +0 short sword!
* * * LOW HITPOINT WARNING * * *
Dowan closely misses you.
You feel better. Duvessa hits you with a +0 short sword.
* * * LOW HITPOINT WARNING * * *
Dowan barely misses you.
Duvessa zaps a wand.
The puff of flame hits you!
You die...

,,,,,,.#...##...#
,,,,**..........###
,,,,,*#...........#
,,,,,,.....#....###
,,,*,,....###....##
,,,,,*#....#......##
,,,,,,#.#..........#
,,,,,*..#.###....e.#
*,,,,,,*#*,#...†@.##
,,,,,,,,#.......e.#
,,,,,,,,.........##
,,,,,*,,..........**
,,,,,,,,..!........*
,,,,,,,,##.........*
,,,,,,,,*#........##
,,,,,****####.....#
**,*** *,,,,,**


You could see Duvessa (fast) and Dowan.

Vanquished Creatures
  An orc priest (D:3)
  Terence (D:3)
  An orc wizard (D:4)
  2 worker ants (D:4)
  2 adders (D:4)
  2 oozes
  4 worms
  A dart slug (D:3)
  A leopard gecko (D:3)
  12 orcs
  9 bats
  4 giant cockroaches
  8 goblins
  5 hobgoblins
  2 jackals (D:1)
  7 kobolds
  2 quokkas
  6 frilled lizards
  3 rats
73 creatures vanquished.

Notes
Turn   | Place    | Note
-------+----------+-------------------------------------------
     0 | Abyss:1  | Gabide the Human Abyssal Knight began the quest for the
                  | Orb.
     0 | Abyss:1  | Reached XP level 1. HP: 18/18 MP: 2/2
    59 | Abyss:1  | Noticed an orange demon
    60 | D:1      | Escaped the Abyss
   109 | D:1      | Reached XP level 2. HP: 20/24 MP: 3/3
   247 | D:1      | Reached * piety under Lugonu
   427 | D:1      | Reached XP level 3. HP: 29/29 MP: 4/4
  1150 | D:2      | Found a shadowy altar of Dithmenos.
  1205 | D:2      | Found a sparkling altar of Nemelex Xobeh.
  1456 | D:2      | Found a burning altar of Makhleb.
  1466 | D:2      | Found a glowing silver altar of Zin.
  1466 | D:2      | Noticed an angel
  1467 | D:2      | Noticed a cacodemon
  1655 | D:2      | Found a shimmering altar of Xom.
  2037 | D:3      | Noticed Terence
  2043 | D:3      | Reached XP level 4. HP: 35/35 MP: 5/5
  2076 | D:3      | Killed Terence
  2418 | D:3      | Found a blossoming altar of Fedhas.
  2598 | D:3      | Reached ** piety under Lugonu
  2598 | D:3      | Reached XP level 5. HP: 41/41 MP: 6/6
  2680 | D:3      | Reached skill level 1 in Axes
  3309 | D:4      | Reached XP level 6. HP: 29/47 MP: 7/7
  3853 | D:4      | Noticed Duvessa
  3853 | D:4      | Noticed Dowan
  3874 | D:4      | Killed from afar by Duvessa

Illustrated notes

Levels and vault maps discovered:
D:1:      nicolae_arrival_washed_ashore, layout_basic
D:2:      layout_loops_corners, grunt_temple_overflow_order_and_chaos_2,
          nicolae_dithmenos_shadow_blocks, lemuel_doored_altar, tgw_xom
D:3:      layout_rooms, fedhas_ov_isle_minmay, uniq_terence
D:4:      layout_cave_pools, first_ration, uniq_duvessa

Skill      XL: |  1  2  3  4  5  6 |
---------------+-------------------+-----
Dodging        | 2 |  2.3
Polearms       | 3 |  3.0
Armour         | 3 |  3.1
Axes           | 2 3 |  3.1
Fighting       | |  3.6
Invocations    | |  2.3

Action                   |  1- 3 |  4- 6 || total
-------------------------+-------+-------++-------
Melee: Spear             |   119 |    75 ||   194
       War axe           |       |   124 ||   124
       Hand axe          |       |    15 ||    15
Throw: Boomerang         |       |     2 ||     2
Invok: Depart the Abyss  |     1 |       ||     1
  Use: Scroll            |    11 |     4 ||    15
       Potion            |       |     7 ||     7
  Eat: Chunk             |     3 |     5 ||     8
       Ration            |       |     1 ||     1
Armor: Scale mail        |    33 |    97 ||   130
Dodge: Dodged            |    31 |   129 ||   160
